 Dungeon Crawl Stone Soup version 0.18-b1-22-ge198996 (webtiles) character file.

5250 EvilYahweh the Inventor (level 10, -6/88 HPs)
             Began as a Deep Dwarf Fighter on May 4, 2016.
             Was a Priest of Pakellas.
             Mangled by a seven-headed hydra (10 damage)
             ... on level 1 of the Lair of Beasts.
             The game lasted 00:30:37 (6749 turns).

EvilYahweh the Inventor (Deep Dwarf Fighter)        Turns: 6749, Time: 00:30:37

Health: -6/88      AC: 18    Str: 23    XL:     10   Next: 36%
Magic:  8/18       EV:  6    Int:  8    God:    Pakellas [***...]
Gold:   482        SH: 10    Dex: 15    Spells: 0 memorised, 9 levels left

rFire  + . .     SeeInvis +     H - +1 hand axe (elec)
rCold  x . .     Gourm    .     R - +3 chain mail
rNeg   . . .     Faith    .     c - +0 shield
rPois  .         Spirit   .     y - +2 helmet of the Countless Places {Str+2}
rElec  .         Dismiss  .     (no cloak)
rCorr  .         Reflect  .     P - +0 pair of gloves
SustAt .         Harm     .     (no boots)
MR     +....                    (no amulet)
Stlth  ..........               J - ring of fire
                                h - ring of see invisible

@: non-regenerating, somewhat resistant to hostile enchantments, extremely
unstealthy
A: damage resistance, recharge devices, sense surroundings 2, slow regeneration
3
a: Device Recharging, Quick Charge, Device Surge, Renounce Religion


You were on level 1 of the Lair of Beasts.
You worshipped Pakellas.
Pakellas was most pleased with you.
You were not hungry.

You visited 3 branches of the dungeon, and saw 11 of its levels.

You collected 482 gold pieces.

Inventory:

Hand Weapons
 a - a +0 war axe
 H - a +1 hand axe of electrocution (weapon)
Armour
 c - a +0 shield (worn)
 y - the +2 helmet of the Countless Places (worn) {Str+2}
   (You found it on level 5 of the Dungeon)

   It affects your strength (+2).
 P - a +0 pair of gloves (worn)
 R - a +3 chain mail (worn)
Jewellery
 h - a ring of see invisible (left hand)
 J - a ring of fire (right hand)
Wands
 e - a wand of heal wounds (0/9)
 s - a wand of enslavement (20/24)
 x - a wand of flame (13/48)
 A - a wand of paralysis (0/24)
 B - a wand of enslavement (5/24)
 C - a wand of acid (0/15)
 D - a wand of slowing (13/48)
 G - a wand of lightning (5/15)
 K - a wand of iceblast (6/15)
 O - a wand of iceblast (9/15)
Scrolls
 b - 2 scrolls of enchant armour {unknown}
 j - 6 scrolls of remove curse
 o - 2 scrolls of magic mapping
 u - a scroll of amnesia
 v - a scroll of blinking
 w - 2 scrolls of fear
 E - a scroll of enchant weapon
 L - a scroll of torment
 N - a scroll of fog
 S - a scroll of summoning {unknown}
Potions
 d - a potion of might
 m - a potion of brilliance
 n - 2 potions of haste
 p - a potion of berserk rage {unknown}
 q - 6 potions of curing
 r - 2 potions of lignification
 z - a potion of magic
 Q - a potion of degeneration {unknown}
Books
 t - a book of Callings

   Spells                             Type                      Level
   a - Summon Small Mammal            Summoning                    1
   b - Call Imp                       Summoning                    2
   c - Call Canine Familiar           Summoning                    3
   d - Summon Guardian Golem          Hexes/Summoning              3
   e - Summon Lightning Spire         Summoning/Air                4
   f - Summon Ice Beast               Ice/Summoning                4
 M - a book of Maledictions

   Spells                             Type                      Level
   a - Corona                         Hexes                        1
   b - Ensorcelled Hibernation        Hexes/Ice                    2
   c - Confuse                        Hexes                        3
   d - Tukima's Dance                 Hexes                        3
   e - Dazzling Spray                 Conjuration/Hexes            3
Comestibles
 f - 6 bread rations
 g - 2 slices of pizza
 i - 7 chunks of flesh
 k - 24 fruits
 l - 2 meat rations
 F - 4 royal jellies
 I - 3 beef jerkies


   Skills:
 - Level 5.0 Fighting
 - Level 10.7 Axes
 * Level 7.2 Armour
 - Level 5.0 Shields
 + Level 11.2 Evocations


You had 9 spell levels left.
You didn't know any spells.

Dungeon Overview and Level Annotations

Branches:
Dungeon (9/15)             Temple (1/1) D:4            Lair (1/8) D:8
    Orc: D:9-12

Altars:
Ashenzari
Cheibriados
Dithmenos
Elyvilon
Fedhas
Gozag
Kikubaaqudgha
Makhleb
Nemelex Xobeh
Okawaru
Pakellas
Qazlal
Ru
Sif Muna
Trog
Vehumet
Xom
Yredelemnul
Zin
The Shining One


Innate Abilities, Weirdness & Mutations

You are resistant to damage.
You can recharge devices by infusing magical energy.
You passively map the area around you.
You do not regenerate naturally.


Message History

* * * LOW HITPOINT WARNING * * *
Evoke which item? (* to show all) (? for menu, Esc to quit)
Zapping:
B - a wand of enslavement (5/24)
Press: ? - help, Shift-Dir - straight line, f/p - seven-headed hydra
Aim: a seven-headed hydra (severely wounded, covered in acid, chance to defeat MR: 34%)
Okay, then.
Evoke which item? (* to show all) (? for menu, Esc to quit)
Zapping:
G - a wand of lightning (6/15)
Press: ? - help, Shift-Dir - straight line, f/p - seven-headed hydra
Aim: a seven-headed hydra (severely wounded, covered in acid)
You hear a mighty clap of thunder!
The bolt of lightning hits the seven-headed hydra.
The seven-headed hydra is almost dead.
The bolt of lightning hits the komodo dragon.
The komodo dragon is moderately wounded.
This wand has 5 charges left.
You hear a bellow!
The seven-headed hydra bites you!
You die...
Pakellas says: Time to find a new assistant...

....##.....##.....#...## ##....
....*#.....##.........## #.....
.#.,,#.....###+#.##....# ##....
,,,,,**+*,#.##..lP....## #....
,,,,,,,,,,,............#* #....
,,***,*,*,,,#.........#.*****...#
,,* ********#...........,,,,,,..*
,,** ##...D.......,,,,,,,,* ,,,*
#P...@#####+#.*,,,,,,* ,,,*
##...+........*,,,,,,* ,,**
#...#........*,.....* ,,*
#...#........,,.....* ,,**
#............*,.....# ,,,*
#...#........#....... ,,**
#...####...#.#....... ,,*
###....................
,,*########......................


You could see a seven-headed hydra and a komodo dragon.

Vanquished Creatures
  Joseph (D:7)
  2 komodo dragons (D:8)
  A two-headed ogre (D:8)
  Prince Ribbit (D:7)
  5 blink frogs (Lair:1)
  Sigmund (D:6)
  2 hippogriffs (Lair:1)
  Menkaure (D:7)
  Duvessa (D:7)
  2 ice beasts (D:6)
  A sky beast (D:8)
  A black bear (D:6)
  A phantom (D:4)
  2 ogres
  A wolf (Lair:1)
  2 crocodiles (Lair:1)
  A big kobold (D:5)
  4 giant frogs
  Dowan (D:7)
  A scorpion (D:7)
  A centaur zombie (D:5)
  2 crimson imps
  A jelly (D:7)
  2 lava snakes (D:7)
  A centaur skeleton (D:4)
  3 hounds
  Jessica (D:2)
  Ijyb (D:2)
  7 iguanas
  4 orc wizards
  2 worker ants
  A hound zombie (D:7)
  11 gnolls
  18 adders
  2 shadow imps
  An adder skeleton (D:7)
  3 worms
  2 dart slugs
  4 giant geckos
  20 orcs
  5 bats
  4 giant cockroaches
  10 hobgoblins
  7 jackals
  A quokka (D:5)
  3 ball pythons
  7 giant newts
  11 goblins
  2 jackal zombies
  9 kobolds
  5 rats
183 creatures vanquished.

Vanquished Creatures (collateral kills)
  A giant frog zombie (D:7)
  An iguana (D:8)
  2 gnolls (D:7)
  A giant gecko (D:8)
5 creatures vanquished.

Vanquished Creatures (others)
  A swamp drake (D:8)
  3 gnolls
  A fungus (Lair:1)
5 creatures vanquished.

Grand Total: 193 creatures vanquished

Notes
Turn   | Place    | Note
--------------------------------------------------------------
     0 | D:1      | EvilYahweh the Deep Dwarf Fighter began the quest for the Orb.
     0 | D:1      | Reached XP level 1. HP: 20/20 MP: 1/1
    64 | D:1      | Reached skill level 1 in Evocations
   168 | D:1      | Reached XP level 2. HP: 27/27 MP: 1/3
   779 | D:1      | Reached skill level 2 in Evocations
   903 | D:2      | Reached XP level 3. HP: 19/33 MP: 4/4
   983 | D:2      | Reached XP level 4. HP: 23/40 MP: 6/6
  1024 | D:2      | Noticed Jessica
  1041 | D:2      | Reached skill level 3 in Evocations
  1044 | D:2      | Killed Jessica
  1224 | D:2      | Noticed Ijyb
  1232 | D:2      | Killed Ijyb
  1232 | D:2      | Reached skill level 5 in Axes
  1232 | D:2      | Reached XP level 5. HP: 30/46 MP: 7/7
  1641 | D:3      | Reached skill level 4 in Evocations
  2177 | D:4      | Reached XP level 6. HP: 34/55 MP: 9/9
  2335 | D:4      | Found a staircase to the Ecumenical Temple.
  2355 | Temple   | Entered the Ecumenical Temple
  2388 | Temple   | Became a worshipper of Pakellas the Inventive
  2677 | D:4      | Reached skill level 5 in Armour
  3034 | D:5      | Entered Level 5 of the Dungeon
  3059 | D:5      | Reached skill level 5 in Evocations
  3064 | D:5      | Reached XP level 7. HP: 50/61 MP: 10/10
  3130 | D:5      | Reached * piety under Pakellas
  3130 | D:5      | Received a gift from Pakellas
  3147 | D:5      | Got a fine helmet
  3153 | D:5      | Identified the +2 helmet of the Countless Places {Str+2} (You found it on level 5 of the Dungeon)
  3153 | D:5      | Found a white marble altar of Elyvilon.
  3191 | D:5      | Paralysed by a crimson imp for 3 turns
  3211 | D:5      | Found a shimmering altar of Xom.
  3214 | D:5      | Noticed an angel
  3217 | D:5      | Found a glowing silver altar of Zin.
  3432 | D:5      | Found a bloodstained altar of Trog.
  3564 | D:5      | Reached skill level 5 in Shields
  4031 | D:6      | Reached skill level 6 in Evocations
  4438 | D:6      | Found a basalt altar of Yredelemnul.
  4453 | D:6      | Noticed Sigmund
  4464 | D:6      | Killed Sigmund
  4464 | D:6      | Reached XP level 8. HP: 50/73 MP: 6/13
  4618 | D:6      | Reached skill level 7 in Evocations
  4683 | D:7      | Reached skill level 5 in Fighting
  4693 | D:7      | Noticed Joseph
  4711 | D:7      | Killed Joseph
  4711 | D:7      | Reached skill level 8 in Evocations
  4727 | D:7      | Noticed Menkaure
  4731 | D:7      | Killed Menkaure
  4762 | D:7      | Noticed Prince Ribbit
  4770 | D:7      | Killed Prince Ribbit
  4881 | D:7      | Reached ** piety under Pakellas
  4881 | D:7      | Received a gift from Pakellas
  5034 | D:7      | Noticed Duvessa
  5037 | D:7      | Noticed Dowan
  5049 | D:7      | Killed Duvessa
  5049 | D:7      | Gained mutation: You passively map the area around you. [Deep Dwarf growth]
  5049 | D:7      | Reached XP level 9. HP: 41/81 MP: 5/15
  5067 | D:7      | Killed Dowan
  5067 | D:7      | Reached skill level 9 in Evocations
  5109 | D:7      | Found a radiant altar of Vehumet.
  5835 | D:8      | Noticed a komodo dragon
  5869 | D:8      | Found a staircase to the Lair.
  5880 | D:8      | Killed a komodo dragon
  5895 | D:8      | Noticed a komodo dragon
  5904 | D:8      | Killed a komodo dragon
  5904 | D:8      | Reached skill level 10 in Axes
  5904 | D:8      | Reached skill level 10 in Evocations
  6088 | D:8      | Found a shattered altar of Ashenzari.
  6182 | D:8      | Found a sparkling altar of Nemelex Xobeh.
  6360 | Lair:1   | Entered Level 1 of the Lair of Beasts
  6411 | Lair:1   | Reached XP level 10. HP: 63/88 MP: 8/17
  6483 | Lair:1   | Reached *** piety under Pakellas
  6483 | Lair:1   | Received a gift from Pakellas
  6490 | Lair:1   | HP: 4/88 [blink frog (7)]
  6507 | Lair:1   | Reached skill level 11 in Evocations
  6740 | Lair:1   | Noticed a seven-headed hydra
  6748 | Lair:1   | HP: 4/88 [seven-headed hydra (5)]
  6749 | Lair:1   | Mangled by a seven-headed hydra

Skill      XL: |  1  2  3  4  5  6  7  8  9 10 |
---------------+-------------------------------+-----
Evocations     | 1 2 3 4 5 6 8 10 11 | 11.2
Axes           | 3 4 5 7 10 | 10.7
Armour         | 4 5 7 |  7.2
Shields        | 4 5 |  5.0
Fighting       | 4 5 |  5.0

Action                   |  1- 3 |  4- 6 |  7- 9 | 10-12 || total
-------------------------+-------+-------+-------+-------++-------
Melee: War axe           |    99 |   252 |   352 |       ||   703
       Hand axe          |       |       |    16 |    48 ||    64
Invok: Quick Charge      |       |       |     6 |     2 ||     8
Evoke: Wand              |       |     4 |    44 |    14 ||    62
       Phantom mirror    |       |       |     1 |       ||     1
  Use: Scroll            |       |     4 |     7 |     4 ||    15
       Potion            |       |       |     1 |       ||     1
 Stab: Paralysed         |       |       |    19 |       ||    19
       Confused          |       |       |     3 |       ||     3
       Distracted        |       |       |     1 |       ||     1
  Eat: Chunk             |       |     8 |    12 |     1 ||    21
Armor: Scale mail        |    37 |    47 |       |       ||    84
       Chain mail        |       |    60 |   211 |    35 ||   306
Dodge: Dodged            |    28 |    48 |    93 |    16 ||   185
Block: Shield            |    46 |   137 |   202 |    31 ||   416
